[ AOE2 MATCH · #463510953 ]
Team RMHuns vs Huns
[ REPLAY ANALYSIS · EXTRACTED FROM THE RECORDED GAME ]
Feudal
—
Castle
—
Imperial
—
| APM avg | 11.9 |
| APM peak | 25 |
| eAPM avg | 8.4 |
| Villagers / military | 61 / 80 |
Focus
⚔️ 34.5% · 🌾 65.5%
Spearman ×70 · Skirmisher ×5 · Knight ×4 · Monk ×1
Feudal
11:04
Castle
18:14
Imperial
43:48
| APM avg | 27.4 |
| APM peak | 63 |
| eAPM avg | 17.0 |
| Villagers / military | 110 / 165 |
Focus
⚔️ 38.5% · 🌾 61.5%
Karambit Warrior ×86 · Archer ×48 · Militia ×22 · Mangonel ×2 · Cavalry Archer ×2 · Trebuchet (Packed) ×2
Feudal
—
Castle
—
Imperial
—
| APM avg | 24.8 |
| APM peak | 52 |
| eAPM avg | 14.5 |
| Villagers / military | 94 / 208 |
Focus
⚔️ 32.0% · 🌾 68.0%
Militia ×84 · Huskarl ×60 · Spearman ×60 · Trade Cart ×4 · Battering Ram ×2 · Mangonel ×1
Feudal
11:26
Castle
18:59
Imperial
33:58
| APM avg | 16.9 |
| APM peak | 57 |
| eAPM avg | 9.5 |
| Villagers / military | 105 / 193 |
Focus
⚔️ 36.3% · 🌾 63.7%
Tarkan ×181 · Knight ×8 · Spearman ×2 · Scout Cavalry ×2
Match map
Initial resources + every placement click. Lines = walls · curves = elevation contours. ◆ gold · ⬟ stone · ● berries · ✦ relic · ◌ wall gap
Inputs per minute
— blackjack6894 - - Los Tung Tung St. Ramon Sahur
Build order — blackjack6894
First 150 of 229 actions detected
| 0:17 | Research | Loom |
| 0:17 | Create | Villager (Male) |
| 0:18 | Create | Villager (Male) |
| 0:18 | Create | Villager (Male) |
| 0:18 | Create | Villager (Male) |
| 0:19 | Create | Villager (Male) |
| 1:46 | Create | Villager (Male) |
| 2:19 | Create | Villager (Male) |
| 2:33 | Create | Villager (Male) |
| 3:48 | Create | Villager (Male) |
| 3:49 | Create | Villager (Male) |
| 3:49 | Create | Villager (Male) |
| 3:50 | Create | Villager (Male) |
| 4:37 | Create | Villager (Male) |
| 4:39 | Create | Villager (Male) |
| 5:08 | Create | Villager (Male) |
| 5:33 | Create | Villager (Male) |
| 5:34 | Create | Villager (Male) |
| 6:10 | Build | Lumber Camp |
| 7:03 | Create | Villager (Male) |
| 7:27 | Create | Villager (Male) |
| 7:28 | Create | Villager (Male) |
| 7:41 | Build | Mill |
| 8:43 | Create | Villager (Male) |
| 9:45 | Research | Feudal Age |
| 10:37 | Build | Barracks |
| 12:02 | Build | Blacksmith |
| 12:07 | Build | Market |
| 12:23 | Build | Stone Wall |
| 12:36 | Research | Wheelbarrow |
| 13:46 | Research | Double-Bit Axe |
| 13:59 | Create | Villager (Male) |
| 14:04 | Create | Villager (Male) |
| 14:04 | Create | Villager (Male) |
| 14:16 | Build | Stone Wall |
| 15:39 | Build | Mining Camp |
| 16:00 | Build | Mill |
| 16:17 | Build | Stone Wall |
| 16:40 | Research | Castle Age |
| 16:41 | Research | Town Watch |
| 17:23 | Build | Stable |
| 17:51 | Build | Stone Wall |
| 18:34 | Build | Archery Range |
| 19:24 | Research | Stone Mining |
| 19:43 | Build | Mining Camp |
| 19:52 | Create | Villager (Male) |
| 19:53 | Create | Villager (Male) |
| 19:54 | Create | Villager (Male) |
| 20:13 | Create | Knight |
| 20:21 | Build | Farm |
| 20:49 | Build | Farm |
| 20:52 | Build | Farm |
| 20:54 | Build | Farm |
| 20:57 | Build | Farm |
| 21:00 | Build | Farm |
| 21:17 | Research | Horse Collar |
| 21:35 | Research | Gold Mining |
| 21:54 | Create | Villager (Male) |
| 22:21 | Build | Lumber Camp |
| 22:45 | Research | Heavy Plow |
| 22:49 | Create | Knight |
| 22:59 | Create | Skirmisher |
| 24:05 | Research | Elite Skirmisher (upgrade) |
| 24:08 | Research | Padded Archer Armor |
| 24:24 | Create | Skirmisher |
| 24:26 | Create | Skirmisher |
| 24:27 | Create | Skirmisher |
| 24:28 | Create | Skirmisher |
| 24:48 | Build | Farm |
| 25:15 | Research | Bow Saw |
| 25:35 | Build | Town Center |
| 25:55 | Build | Farm |
| 26:06 | Build | Farm |
| 26:16 | Research | Husbandry |
| 26:48 | Build | Building 487 |
| 26:56 | Create | Villager (Male) |
| 27:09 | Research | Fletching |
| 27:19 | Create | Villager (Male) |
| 27:31 | Build | Farm |
| 27:37 | Create | Villager (Male) |
| 28:04 | Build | Farm |
| 28:09 | Build | Farm |
| 28:18 | Create | Villager (Male) |
| 28:48 | Build | University |
| 29:12 | Build | Monastery |
| 29:20 | Create | Villager (Male) |
| 29:22 | Create | Villager (Male) |
| 29:29 | Build | Farm |
| 29:34 | Build | Farm |
| 29:36 | Create | Villager (Male) |
| 29:36 | Create | Villager (Male) |
| 29:48 | Build | Farm |
| 29:56 | Research | Hand Cart |
| 30:10 | Research | Squires |
| 30:33 | Build | Farm |
| 30:35 | Build | Farm |
| 30:41 | Research | Pikeman (upgrade) |
| 30:50 | Build | Barracks |
| 30:52 | Build | Barracks |
| 30:55 | Build | Barracks |
| 31:01 | Create | Villager (Male) |
| 31:03 | Create | Villager (Male) |
| 31:09 | Research | Scale Mail Armor |
| 31:24 | Build | Farm |
| 31:31 | Build | Farm |
| 31:35 | Create | Villager (Male) |
| 31:46 | Research | Forging |
| 32:14 | Create | Villager (Male) |
| 32:14 | Create | Villager (Male) |
| 32:22 | Create | Monk |
| 32:23 | Research | Fervor |
| 32:33 | Research | Chain Mail Armor |
| 32:39 | Create | Spearman |
| 32:39 | Create | Spearman |
| 32:40 | Create | Spearman |
| 32:40 | Create | Spearman |
| 32:40 | Create | Spearman |
| 32:49 | Build | Town Center |
| 33:23 | Build | Lumber Camp |
| 33:28 | Build | Farm |
| 33:38 | Create | Spearman |
| 33:39 | Create | Spearman |
| 33:40 | Create | Spearman |
| 33:40 | Create | Spearman |
| 33:40 | Create | Spearman |
| 33:41 | Create | Spearman |
| 33:48 | Research | Iron Casting |
| 34:19 | Build | Farm |
| 34:24 | Build | Farm |
| 34:26 | Create | Villager (Male) |
| 34:27 | Create | Villager (Male) |
| 34:27 | Create | Villager (Male) |
| 34:29 | Create | Villager (Male) |
| 34:29 | Create | Villager (Male) |
| 34:29 | Create | Villager (Male) |
| 35:04 | Build | Castle |
| 35:26 | Build | Farm |
| 35:29 | Build | Farm |
| 35:34 | Build | Farm |
| 35:36 | Build | Farm |
| 35:47 | Build | Farm |
| 35:58 | Build | Farm |
| 36:04 | Research | Murder Holes |
| 36:07 | Research | Masonry |
| 36:48 | Research | Caravan |
| 37:05 | Research | Bloodlines |
| 37:36 | Build | Farm |
| 37:51 | Research | Imperial Age |
| 38:04 | Create | Villager (Male) |
| 38:07 | Create | Spearman |
Build order — Los Tung Tung St. Ramon Sahur
First 150 of 453 actions detected
| 0:00 | Create | Villager (Male) |
| 0:00 | Create | Villager (Male) |
| 0:01 | Create | Villager (Male) |
| 0:02 | Build | House |
| 0:04 | Build | House |
| 0:25 | Create | Villager (Male) |
| 1:31 | Create | Villager (Male) |
| 1:51 | Build | Lumber Camp |
| 1:58 | Create | Villager (Male) |
| 2:30 | Create | Villager (Male) |
| 3:08 | Create | Villager (Male) |
| 3:34 | Build | Lumber Camp |
| 3:38 | Create | Villager (Male) |
| 3:51 | Create | Villager (Male) |
| 4:34 | Create | Villager (Male) |
| 4:41 | Build | House |
| 4:45 | Build | House |
| 4:50 | Create | Villager (Male) |
| 5:35 | Create | Villager (Male) |
| 5:36 | Create | Villager (Male) |
| 5:51 | Create | Villager (Male) |
| 6:23 | Create | Villager (Male) |
| 6:34 | Build | Mill |
| 6:36 | Create | Villager (Male) |
| 7:06 | Create | Villager (Male) |
| 7:20 | Create | Villager (Male) |
| 7:20 | Create | Villager (Male) |
| 7:44 | Build | Lumber Camp |
| 7:52 | Create | Villager (Male) |
| 8:34 | Create | Villager (Male) |
| 9:00 | Research | Feudal Age |
| 9:03 | Build | Mining Camp |
| 9:36 | Build | Farm |
| 9:40 | Build | Farm |
| 10:04 | Create | Villager (Male) |
| 10:13 | Build | House |
| 10:15 | Build | House |
| 10:51 | Build | Barracks |
| 11:04 | Age | Feudal Age |
| 11:16 | Research | Double-Bit Axe |
| 11:21 | Research | Horse Collar |
| 11:46 | Create | Villager (Male) |
| 11:46 | Create | Villager (Male) |
| 12:10 | Build | Market |
| 12:13 | Create | Villager (Male) |
| 12:23 | Build | Farm |
| 12:23 | Build | Farm |
| 12:23 | Build | Farm |
| 12:24 | Build | Farm |
| 12:34 | Build | Farm |
| 12:40 | Build | Farm |
| 12:52 | Build | Farm |
| 12:57 | Create | Villager (Male) |
| 13:13 | Create | Villager (Male) |
| 13:25 | Build | Blacksmith |
| 13:28 | Create | Villager (Male) |
| 13:34 | Build | Farm |
| 13:34 | Build | Farm |
| 13:35 | Build | Farm |
| 13:35 | Build | Farm |
| 13:35 | Build | Farm |
| 13:46 | Build | Farm |
| 13:54 | Build | Farm |
| 13:57 | Create | Villager (Male) |
| 14:17 | Build | Farm |
| 14:27 | Create | Villager (Male) |
| 14:28 | Research | Loom |
| 14:33 | Build | Farm |
| 14:36 | Build | Farm |
| 14:51 | Build | House |
| 14:53 | Build | House |
| 14:59 | Build | House |
| 15:02 | Create | Villager (Male) |
| 15:15 | Build | Farm |
| 15:19 | Build | Farm |
| 15:21 | Build | Farm |
| 15:49 | Build | Archery Range |
| 15:52 | Build | House |
| 15:54 | Create | Villager (Male) |
| 16:38 | Research | Castle Age |
| 16:38 | Research | Castle Age |
| 16:45 | Create | Spearman |
| 16:57 | Build | Farm |
| 17:00 | Build | Farm |
| 17:05 | Build | Farm |
| 17:19 | Build | Palisade Gate |
| 17:23 | Build | Palisade Wall |
| 17:26 | Create | Villager (Male) |
| 17:37 | Build | Mining Camp |
| 18:02 | Create | Archer |
| 18:03 | Create | Archer |
| 18:14 | Age | Castle Age |
| 18:17 | Create | Villager (Male) |
| 18:29 | Build | House |
| 18:31 | Build | House |
| 18:33 | Build | House |
| 18:34 | Build | House |
| 18:36 | Build | House |
| 18:40 | Build | University |
| 18:49 | Build | Town Center |
| 18:54 | Research | Stone Mining |
| 18:57 | Research | Crossbowman (upgrade) |
| 19:29 | Build | House |
| 19:37 | Create | Archer |
| 19:37 | Create | Archer |
| 19:47 | Create | Militia |
| 19:47 | Create | Militia |
| 19:48 | Research | Man-at-Arms (upgrade) |
| 20:00 | Build | Watch Tower |
| 20:17 | Create | Villager (Male) |
| 20:17 | Create | Villager (Male) |
| 20:23 | Create | Villager (Male) |
| 20:23 | Create | Villager (Male) |
| 20:45 | Create | Archer |
| 20:52 | Create | Villager (Male) |
| 20:52 | Create | Villager (Male) |
| 21:20 | Create | Archer |
| 21:20 | Create | Archer |
| 21:35 | Create | Villager (Male) |
| 21:35 | Create | Villager (Male) |
| 21:55 | Create | Villager (Male) |
| 21:56 | Create | Villager (Male) |
| 22:03 | Create | Archer |
| 22:22 | Create | Militia |
| 22:25 | Create | Archer |
| 22:25 | Create | Archer |
| 22:25 | Create | Archer |
| 22:25 | Create | Archer |
| 22:26 | Create | Archer |
| 22:32 | Build | Palisade Wall |
| 22:40 | Create | Villager (Male) |
| 22:41 | Create | Villager (Male) |
| 22:41 | Create | Villager (Male) |
| 22:41 | Create | Villager (Male) |
| 22:57 | Create | Villager (Male) |
| 22:57 | Create | Villager (Male) |
| 23:15 | Research | Fletching |
| 23:17 | Create | Archer |
| 23:18 | Create | Archer |
| 23:19 | Create | Cavalry Archer |
| 23:19 | Create | Cavalry Archer |
| 23:25 | Create | Militia |
| 23:26 | Create | Militia |
| 23:55 | Build | Archery Range |
| 23:57 | Create | Villager (Male) |
| 23:57 | Create | Villager (Male) |
| 23:58 | Create | Villager (Male) |
| 24:15 | Build | Palisade Wall |
| 24:17 | Build | Palisade Wall |
| 24:20 | Build | Farm |
Build order — commanderflufy0
First 150 of 282 actions detected
| 0:02 | Build | House |
| 0:03 | Build | House |
| 0:05 | Build | House |
| 0:05 | Build | House |
| 0:08 | Research | Loom |
| 0:08 | Create | Villager (Male) ×4 |
| 1:43 | Create | Villager (Male) |
| 1:43 | Create | Villager (Male) |
| 1:43 | Create | Villager (Male) |
| 2:00 | Build | Mill |
| 2:13 | Create | Villager (Male) |
| 2:13 | Create | Villager (Male) |
| 2:41 | Create | Villager (Male) |
| 2:41 | Create | Villager (Male) |
| 3:00 | Create | Villager (Male) |
| 3:21 | Create | Villager (Male) |
| 3:21 | Create | Villager (Male) |
| 3:21 | Create | Villager (Male) |
| 3:56 | Create | Villager (Male) |
| 3:57 | Create | Villager (Male) |
| 3:57 | Create | Villager (Male) |
| 4:25 | Create | Villager (Male) |
| 4:25 | Create | Villager (Male) |
| 4:26 | Create | Villager (Male) |
| 4:26 | Create | Villager (Male) |
| 4:26 | Create | Villager (Male) |
| 4:58 | Create | Villager (Male) |
| 5:09 | Create | Villager (Male) |
| 5:09 | Create | Villager (Male) |
| 5:09 | Create | Villager (Male) |
| 5:35 | Create | Villager (Male) |
| 5:35 | Create | Villager (Male) |
| 5:36 | Create | Villager (Male) |
| 6:08 | Build | Lumber Camp |
| 6:15 | Create | Villager (Male) |
| 6:15 | Create | Villager (Male) |
| 6:16 | Create | Villager (Male) |
| 6:16 | Create | Villager (Male) |
| 7:19 | Create | Villager (Male) |
| 7:19 | Create | Villager (Male) |
| 7:19 | Create | Villager (Male) |
| 7:20 | Create | Villager (Male) |
| 7:42 | Build | House |
| 7:43 | Build | House |
| 7:54 | Build | Farm |
| 8:12 | Create | Villager (Male) |
| 8:17 | Build | Farm |
| 8:44 | Build | Mining Camp |
| 8:49 | Build | Farm |
| 9:05 | Build | Farm |
| 9:28 | Build | Farm |
| 9:56 | Build | Farm |
| 10:02 | Research | Feudal Age |
| 10:31 | Build | Farm |
| 10:32 | Build | Farm |
| 10:34 | Build | Farm |
| 10:36 | Build | Farm |
| 10:57 | Build | Farm |
| 10:59 | Build | Farm |
| 11:01 | Build | Farm |
| 11:17 | Build | Palisade Wall |
| 11:33 | Create | Villager (Male) |
| 11:33 | Create | Villager (Male) |
| 11:33 | Create | Villager (Male) |
| 11:33 | Create | Villager (Male) |
| 12:14 | Build | Blacksmith |
| 12:30 | Build | Barracks |
| 13:01 | Build | Palisade Wall |
| 13:12 | Build | Palisade Gate |
| 13:39 | Research | Man-at-Arms (upgrade) |
| 13:55 | Build | Market |
| 14:53 | Build | House |
| 14:55 | Build | House |
| 14:57 | Build | House |
| 15:15 | Research | Castle Age |
| 15:38 | Create | Militia |
| 15:38 | Create | Militia |
| 15:39 | Create | Militia |
| 15:39 | Create | Militia |
| 15:39 | Create | Militia |
| 16:04 | Research | Horse Collar |
| 16:09 | Create | Militia |
| 16:09 | Create | Militia |
| 16:09 | Create | Militia |
| 16:10 | Create | Militia |
| 16:10 | Create | Militia |
| 16:29 | Build | Barracks |
| 16:44 | Create | Militia |
| 16:44 | Create | Militia |
| 16:44 | Create | Militia |
| 16:48 | Create | Spearman |
| 16:49 | Create | Spearman |
| 16:49 | Create | Spearman |
| 16:49 | Create | Spearman |
| 18:01 | Create | Villager (Male) |
| 18:01 | Create | Villager (Male) |
| 18:01 | Create | Villager (Male) |
| 18:04 | Research | Long Swordsman (upgrade) |
| 18:09 | Research | Long Swordsman (upgrade) |
| 18:13 | Create | Militia |
| 18:13 | Create | Militia |
| 18:13 | Create | Militia |
| 18:13 | Create | Militia |
| 18:40 | Research | Forging |
| 18:59 | Build | Town Center |
| 19:48 | Create | Militia ×5 |
| 19:48 | Create | Militia ×5 |
| 19:48 | Create | Militia ×5 |
| 19:48 | Create | Militia ×2 |
| 20:54 | Create | Villager (Male) |
| 20:54 | Create | Villager (Male) |
| 20:55 | Create | Villager (Male) |
| 21:03 | Build | Farm |
| 21:04 | Build | Farm |
| 21:18 | Build | Siege Workshop |
| 22:08 | Create | Villager (Male) |
| 22:08 | Create | Villager (Male) |
| 22:08 | Create | Villager (Male) |
| 22:20 | Create | Villager (Male) |
| 22:21 | Create | Villager (Male) |
| 22:21 | Create | Villager (Male) |
| 22:24 | Build | Farm |
| 23:08 | Build | Farm |
| 23:21 | Create | Battering Ram |
| 23:45 | Build | Farm |
| 24:20 | Build | Farm |
| 24:22 | Create | Villager (Male) |
| 24:22 | Create | Villager (Male) |
| 24:22 | Create | Villager (Male) |
| 24:34 | Build | House |
| 24:35 | Build | House |
| 24:40 | Create | Militia ×5 |
| 24:50 | Create | Villager (Male) |
| 24:50 | Create | Villager (Male) |
| 24:50 | Create | Villager (Male) |
| 24:53 | Create | Villager (Male) |
| 25:00 | Build | Farm |
| 25:03 | Create | Villager (Male) |
| 25:39 | Create | Militia ×5 |
| 25:47 | Build | House |
| 25:47 | Build | House |
| 26:23 | Build | Castle |
| 27:36 | Build | Castle |
| 27:52 | Create | Villager (Male) |
| 27:52 | Create | Villager (Male) |
| 27:53 | Create | Villager (Male) |
| 27:56 | Create | Villager (Male) |
| 27:56 | Create | Villager (Male) |
| 27:56 | Create | Villager (Male) |
| 28:02 | Create | Trade Cart |
Build order — Mordor Afterglow
First 150 of 237 actions detected
| 0:06 | Create | Villager (Male) ×4 |
| 0:06 | Create | Villager (Male) ×4 |
| 1:31 | Create | Villager (Male) |
| 1:59 | Create | Villager (Male) |
| 2:27 | Create | Villager (Male) |
| 2:28 | Create | Villager (Male) |
| 2:53 | Create | Villager (Male) |
| 2:54 | Create | Villager (Male) |
| 3:31 | Create | Villager (Male) ×2 |
| 3:34 | Create | Villager (Male) |
| 4:28 | Create | Villager (Male) ×2 |
| 4:52 | Create | Villager (Male) ×2 |
| 5:17 | Build | Mill |
| 6:29 | Create | Villager (Male) |
| 6:36 | Build | Lumber Camp |
| 6:52 | Create | Villager (Male) ×5 |
| 6:52 | Create | Villager (Male) |
| 8:02 | Build | Mill |
| 8:31 | Research | Loom |
| 9:09 | Research | Feudal Age |
| 9:11 | Research | Loom |
| 9:32 | Build | Barracks |
| 11:26 | Age | Feudal Age |
| 11:28 | Research | Double-Bit Axe |
| 11:30 | Research | Wheelbarrow |
| 11:30 | Create | Villager (Male) ×4 |
| 11:55 | Build | Stable |
| 12:15 | Build | Market |
| 12:18 | Build | Blacksmith |
| 13:12 | Build | Farm |
| 13:13 | Build | Farm |
| 13:13 | Build | Farm |
| 13:14 | Build | Farm |
| 13:16 | Build | Farm |
| 13:17 | Build | Farm |
| 13:17 | Build | Farm |
| 13:30 | Build | Farm |
| 13:39 | Create | Villager (Male) |
| 13:41 | Create | Villager (Male) |
| 13:51 | Build | Farm |
| 14:12 | Build | Mining Camp |
| 14:53 | Build | Stone Wall |
| 15:10 | Build | Farm |
| 16:04 | Build | Farm |
| 16:05 | Build | Farm |
| 16:06 | Build | Farm |
| 16:19 | Research | Castle Age |
| 17:15 | Research | Horse Collar |
| 17:30 | Build | Stone Wall |
| 17:44 | Create | Scout Cavalry |
| 17:44 | Create | Scout Cavalry |
| 17:47 | Create | Spearman |
| 17:48 | Create | Spearman |
| 18:16 | Build | Stone Wall |
| 18:59 | Age | Castle Age |
| 19:01 | Research | Bow Saw |
| 19:31 | Build | Town Center |
| 19:35 | Research | Heavy Plow |
| 19:55 | Research | Husbandry |
| 20:10 | Create | Villager (Male) ×5 |
| 20:34 | Create | Villager (Male) ×2 |
| 21:33 | Create | Villager (Male) ×5 |
| 21:33 | Create | Villager (Male) |
| 22:35 | Build | Castle |
| 22:52 | Create | Villager (Male) ×5 |
| 23:06 | Build | Mining Camp |
| 23:22 | Build | Mining Camp |
| 23:44 | Create | Knight |
| 24:08 | Create | Knight |
| 24:54 | Create | Knight |
| 25:20 | Build | Town Center |
| 25:24 | Create | Villager (Male) ×5 |
| 25:25 | Create | Villager (Male) ×5 |
| 25:47 | Research | Marauders |
| 25:52 | Create | Villager (Male) ×2 |
| 25:57 | Create | Villager (Male) |
| 26:07 | Create | Villager (Male) |
| 26:07 | Create | Villager (Male) |
| 26:34 | Create | Villager (Male) ×2 |
| 26:35 | Create | Villager (Male) |
| 26:42 | Build | Farm |
| 26:43 | Build | Farm |
| 26:43 | Build | Farm |
| 26:44 | Build | Farm |
| 26:44 | Build | Farm |
| 26:47 | Build | Farm |
| 26:47 | Build | Farm |
| 26:48 | Build | Farm |
| 27:52 | Create | Villager (Male) ×5 |
| 27:52 | Create | Villager (Male) ×2 |
| 28:01 | Build | Mill |
| 28:03 | Build | Farm |
| 28:04 | Build | Farm |
| 28:04 | Build | Farm |
| 28:04 | Build | Farm |
| 28:05 | Build | Farm |
| 28:05 | Build | Farm |
| 28:05 | Build | Farm |
| 28:06 | Build | Farm |
| 28:06 | Build | Farm |
| 28:07 | Build | Farm |
| 28:08 | Build | Farm |
| 28:08 | Build | Farm |
| 28:09 | Build | Farm |
| 28:10 | Build | Farm |
| 28:11 | Build | Farm |
| 28:11 | Build | Farm |
| 28:12 | Build | Farm |
| 28:13 | Build | Farm |
| 28:19 | Create | Villager (Male) ×5 |
| 28:43 | Build | Farm |
| 29:00 | Research | Hand Cart |
| 29:53 | Build | Outpost |
| 29:56 | Build | Outpost |
| 30:48 | Research | Imperial Age |
| 31:00 | Build | Stable |
| 31:02 | Build | Stable |
| 31:02 | Build | Stable |
| 31:03 | Build | Stable |
| 31:16 | Create | Villager (Male) ×5 |
| 31:17 | Create | Villager (Male) ×5 |
| 31:17 | Create | Villager (Male) ×5 |
| 31:29 | Research | Forging |
| 31:43 | Research | Scale Barding Armor |
| 32:00 | Build | Mining Camp |
| 32:09 | Build | Mining Camp |
| 32:18 | Build | Castle |
| 32:35 | Build | Stable |
| 32:36 | Build | Stable |
| 32:37 | Build | Stable |
| 32:38 | Build | Stable |
| 32:44 | Research | Iron Casting |
| 33:03 | Research | Gold Mining |
| 33:05 | Research | Stone Mining |
| 33:26 | Research | Chain Barding Armor |
| 33:34 | Build | University |
| 33:49 | Research | Bloodlines |
| 33:58 | Age | Imperial Age |
| 34:03 | Research | Tech 2 |
| 34:08 | Research | Gold Shaft Mining |
| 34:19 | Create | Villager (Male) |
| 34:20 | Create | Villager (Male) |
| 34:20 | Create | Villager (Male) |
| 34:20 | Create | Villager (Male) |
| 34:20 | Create | Villager (Male) |
| 34:21 | Create | Villager (Male) |
| 34:21 | Create | Villager (Male) |
| 34:21 | Create | Villager (Male) |
| 34:43 | Research | Blast Furnace |
| 34:53 | Create | Tarkan ×3 |
Match timeline
| 9:32 | Mordor Afterglow · first_building Barracks |
| 10:37 | blackjack6894 · first_building Barracks |
| 10:51 | Los Tung Tung St. Ramon Sahur · first_building Barracks |
| 11:04 | Los Tung Tung St. Ramon Sahur · age_up feudal |
| 11:17 | commanderflufy0 · wall_segment Palisade Wall x6 |
| 11:26 | Mordor Afterglow · age_up feudal |
| 11:55 | Mordor Afterglow · first_building Stable |
| 12:23 | blackjack6894 · wall_segment Stone Wall x10 |
| 12:30 | commanderflufy0 · first_building Barracks |
| 13:01 | commanderflufy0 · wall_segment Palisade Wall x12 |
| 14:16 | blackjack6894 · wall_segment Stone Wall x8 |
| 14:53 | Mordor Afterglow · wall_segment Stone Wall x14 |
| 15:24 | Mordor Afterglow · first_market_sell 100 wood |
| 15:45 | blackjack6894 · first_market_sell 100 wood |
| 15:49 | Los Tung Tung St. Ramon Sahur · first_building Archery Range |
| 16:17 | blackjack6894 · wall_segment Stone Wall x8 |
| 16:35 | blackjack6894 · first_market_buy 100 food |
| 17:23 | blackjack6894 · first_building Stable |
| 17:23 | Los Tung Tung St. Ramon Sahur · wall_segment Palisade Wall x1 |
| 17:30 | Mordor Afterglow · wall_segment Stone Wall x20 |
| 17:51 | blackjack6894 · wall_segment Stone Wall x6 |
| 18:14 | Los Tung Tung St. Ramon Sahur · age_up castle |
| 18:16 | Mordor Afterglow · wall_segment Stone Wall x1 |
| 18:34 | blackjack6894 · first_building Archery Range |
| 18:59 | Mordor Afterglow · age_up castle |
| 21:18 | commanderflufy0 · first_building Siege Workshop |
| 22:01 | Mordor Afterglow · tribute_sent a jugador 1 |
| 22:01 | Mordor Afterglow · tribute_sent a jugador 2 |
| 22:01 | Mordor Afterglow · tribute_sent a jugador 3 |
| 22:17 | Los Tung Tung St. Ramon Sahur · first_market_sell 100 wood |
| 22:24 | Mordor Afterglow · tribute_sent a jugador 1 |
| 22:24 | Mordor Afterglow · tribute_sent a jugador 2 |
| 22:24 | Mordor Afterglow · tribute_sent a jugador 3 |
| 22:32 | Los Tung Tung St. Ramon Sahur · wall_segment Palisade Wall x1 |
| 22:35 | Mordor Afterglow · first_building Castle |
| 24:15 | Los Tung Tung St. Ramon Sahur · wall_segment Palisade Wall x1 |
| 24:17 | Los Tung Tung St. Ramon Sahur · wall_segment Palisade Wall x1 |
| 26:17 | Los Tung Tung St. Ramon Sahur · first_building Monastery |
| 26:23 | commanderflufy0 · first_building Castle |
| 29:09 | Los Tung Tung St. Ramon Sahur · first_market_buy 100 food |
| 29:12 | blackjack6894 · first_building Monastery |
| 29:34 | Los Tung Tung St. Ramon Sahur · first_building Castle |
| 32:50 | Los Tung Tung St. Ramon Sahur · first_building Siege Workshop |
| 33:58 | Mordor Afterglow · age_up imperial |
| 34:15 | commanderflufy0 · wall_segment Palisade Wall x4 |
| 35:04 | blackjack6894 · first_building Castle |
| 39:58 | blackjack6894 · wall_segment Stone Wall x7 |
| 43:48 | Los Tung Tung St. Ramon Sahur · age_up imperial |
| 47:45 | blackjack6894 · resign |
[ AI ANALYSIS · 1 CREDIT ]
What really happened in this match?
Wolo.gg analyzes every decision: build order, eco, micro, common mistakes by bracket. Personalized analysis on WhatsApp or Discord in 30 seconds.
Civ guide
Huns
Map guide
Oasis
Perfil
blackjack6894